 Dungeon Crawl Stone Soup version 0.23.0 (webtiles) character file.

Game seed: 5244860358208006687

729 Folque the Magician (level 7, -4/36 HPs)
             Began as a Deep Elf Air Elementalist on Feb 18, 2019.
             Killed from afar by an orc wizard (9 damage)
             ... with a magic dart
             ... on level 6 of the Dungeon.
             The game lasted 00:14:30 (3657 turns).

Folque the Magician (Deep Elf Air Elementalist)     Turns: 3657, Time: 00:14:31

Health: -4/36      AC:  4    Str:  5    XL:     7   Next: 44%
Magic:  0/17       EV: 15    Int: 22    God:
Gold:   198        SH:  0    Dex: 15    Spells: 6/17 levels left

rFire    . . .     SeeInvis .   e - +2 dagger (vamp)
rCold    . . .     Gourm    .   (no shield)
rNeg     . . .     Faith    .   a - +0 robe
rPois    .         Spirit   .   (no helmet)
rElec    .         Reflect  .   b - +1 cloak
rCorr    .         Harm     .   (no gloves)
MR       .....                  (no boots)
Stlth    ++........             (no amulet)
HPRegen  0.12/turn              (no ring)
MPRegen  0.15/turn              (no ring)

@: very slightly contaminated
A: no striking features
a: no special abilities


You were on level 6 of the Dungeon.
You were hungry.

You visited 1 branch of the dungeon, and saw 6 of its levels.

You collected 198 gold pieces.

Inventory:

Hand Weapons
 e - a +2 vampiric dagger (weapon)
 r - a +0 rapier
 s - a +0 blowgun
Missiles
 t - 11 poisoned needles
Armour
 a - a +0 robe (worn)
 b - a +1 cloak (worn)
Jewellery
 h - a +3 ring of dexterity {unknown}
 l - a +4 ring of dexterity {unknown}
Scrolls
 d - a scroll of enchant armour {unknown}
 g - 2 scrolls of fear
 i - a scroll of blinking {unknown}
 j - 2 scrolls of teleportation {unknown}
 o - a scroll of magic mapping {unknown}
 p - 4 scrolls of identify {unknown}
Potions
 f - 2 potions of curing
 k - a potion of haste {unknown}
 m - a potion of flight {unknown}
 n - a potion of lignification {unknown}
 q - a potion of invisibility {unknown}
Comestibles
 c - 7 rations


   Skills:
 + Level 5.0 Dodging
 - Level 2.4 Stealth
 + Level 5.8 Spellcasting
 * Level 4.9 Conjurations
 - Level 1.0 Charms
 + Level 5.2 Air Magic


You had 6 spell levels left.
You knew the following spells:

 Your Spells              Type           Power        Failure   Level  Hunger
a - Shock                 Conj/Air       ####         1%          1    None
b - Swiftness             Chrm/Air       ###.....     4%          2    None
c - Static Discharge      Conj/Air       ####....     3%          3    ##.....
d - Lightning Bolt        Conj/Air       ####......   32%         5    #####..

Your spell library contained the following spells:

 Spells                   Type           Power        Failure   Level  Hunger
 Airstrike                Air            ####......   11%         4    ####...


Dungeon Overview and Level Annotations

Branches:
Dungeon (6/15)
 Temple: D:4-7

Altars:
Cheibriados
Elyvilon
Okawaru
Qazlal
Trog
Vehumet
Wu Jian
Zin

Portals:
Sewer: D:6


Message History

The orc wizard points at you and mumbles some strange words.
The magic dart hits you.
* * * LOW HITPOINT WARNING * * *
You barely miss the orc wizard.
The orc wizard is severely wounded.
The orc wizard closely misses you.
You feel better. The orc wizard completely misses you.
The orc wizard points at you and mumbles some strange words.
The magic dart hits you.
* * * LOW HITPOINT WARNING * * *
Casting: Shock (safe; 1% risk of failure)
Confirm with . or Enter, or press ? or * to list all spells.
Aiming: Shock (safe; 1% risk of failure)
Press: ? - help, Shift-Dir - straight line, f/p - orc wizard
Aim: an orc wizard, wielding a +0 dagger and wearing a +0 robe (severely wounded, fast)
The zap hits the orc wizard but does no damage.
The orc wizard is severely wounded.
The orc wizard casts a spell at you. The magic dart hits you!
You die...

#.....+...
######....#... .
#+####...##....#... ..
#........##...##...
....
#............###...
.....#....######.......
.....####.#≈≈≈r#.......
#.......#≈≈≈S#........
#...o@..#≈∩≈≈#.####...
#.......#≈≈≈≈#.. ...
#......)#≈≈r≈#.. ##
#......)†#####..
#.............o.
#...............
#(..............
#............###
######.......#


You could see an orc wizard.

Vanquished Creatures
  An orc warrior (D:6)
  A phantom (D:5)
  An ogre (D:4)
  A centaur (D:5)
  A howler monkey (D:5)
  3 hounds
  An orc priest (D:6)
  2 iguanas
  A worker ant (D:5)
  A howler monkey skeleton (D:5)
  5 adders
  An ooze (D:3)
  6 worms
  A dart slug (D:2)
  2 leopard geckos
  2 orcs
  5 bats
  8 giant cockroaches
  8 hobgoblins
  6 jackals
  3 quokkas
  A ball python (D:6)
  4 frilled lizards
  4 goblins
  10 kobolds
  A quokka skeleton (D:5)
  4 rats
84 creatures vanquished.

Notes
Turn   | Place    | Note
-------+----------+-------------------------------------------
     0 | D:1      | Folque the Deep Elf Air Elementalist began the quest for
                  | the Orb.
     0 | D:1      | Reached XP level 1. HP: 10/10 MP: 6/6
   216 | D:1      | Reached XP level 2. HP: 12/15 MP: 8/8
   796 | D:2      | Reached XP level 3. HP: 19/19 MP: 2/10
   800 | D:2      | Learned a level 2 spell: Swiftness
   804 | D:2      | Learned a level 3 spell: Static Discharge
  1144 | D:2      | Reached XP level 4. HP: 24/24 MP: 8/11
  1173 | D:2      | Found an ornate altar of the Wu Jian Council.
  1316 | D:2      | Found a bloodstained altar of Trog.
  1326 | D:2      | Reached skill level 1 in Charms
  1876 | D:3      | Reached XP level 5. HP: 25/28 MP: 5/13
  1892 | D:3      | Learned a level 5 spell: Lightning Bolt
  2370 | D:4      | Found a glowing silver altar of Zin.
  2397 | D:4      | Noticed an ogre
  2423 | D:4      | Killed an ogre
  2450 | D:4      | Reached XP level 6. HP: 30/32 MP: 8/14
  2482 | D:5      | Entered Level 5 of the Dungeon
  2611 | D:5      | Found a snail-covered altar of Cheibriados.
  2796 | D:5      | Found a radiant altar of Vehumet.
  2796 | D:5      | Found an iron altar of Okawaru.
  2799 | D:5      | Found a white marble altar of Elyvilon.
  2844 | D:5      | Found a stormy altar of Qazlal.
  2898 | D:5      | Reached skill level 5 in Spellcasting
  3255 | D:5      | Reached XP level 7. HP: 20/36 MP: 12/17
  3270 | D:5      | Reached skill level 5 in Air Magic
  3624 | D:6      | Found a glowing drain.
  3648 | D:6      | Reached skill level 5 in Dodging
  3657 | D:6      | Killed from afar by an orc wizard

Skill      XL: |  1  2  3  4  5  6  7 |
---------------+----------------------+-----
Conjurations   | 2 3 4 |  4.9
Dodging        | 3 4 5 |  5.0
Charms         | 1 |  1.0
Air Magic      | 4 5 |  5.2
Spellcasting   | 4 5 |  5.8
Stealth        | |  2.4

Action                   |  1- 3 |  4- 6 |  7- 9 || total
-------------------------+-------+-------+-------++-------
Melee: Unarmed           |    10 |       |       ||    10
       Dagger            |    66 |   109 |    10 ||   185
 Cast: Shock             |    32 |    74 |    10 ||   116
       Static Discharge  |     1 |       |     3 ||     4
       Swiftness         |       |     2 |       ||     2
       Lightning Bolt    |       |     1 |     1 ||     2
  Use: Scroll            |     3 |       |       ||     3
       Potion            |       |     2 |     1 ||     3
 Stab: Sleeping          |     1 |     4 |       ||     5
  Eat: Ration            |     1 |       |       ||     1
       Chunk             |     2 |     6 |     3 ||    11
Armor: Robe              |    23 |    25 |     2 ||    50
Dodge: Dodged            |    70 |   108 |    12 ||   190
